AoeStats
← BYSNIZ Man Bruno

Highland

505498012Analyzed
4v4 RM · 24d ago on Sep 9, 2026· 45m 38s· 8 players
Game mode
Random Map
Map size
Large (8 player)
Population
200
Speed
Normal
Resources
Standard
Victory
Conquest
Starting age
Dark Age
Ending age
Imperial Age
RankedLock teamsTeams togetherTeam positionsShared explorationLock speedFull tech treeHidden civsTurbo modeCheats
Victory
Defeat
🇸🇪 Burgundians · Sweden
1036
+16
🇫🇮 Mongols · Finland
1026
+16
🇩🇪 Romans · Germany
971
+18
🇨🇿 Japanese · Czechia
968
+18
🇺🇸 Turks · United States
1048
-18
🇪🇸 Koreans · Spain
1043
-18
🇸🇦 Mongols · Saudi Arabia
1006
-16
🇺🇸 Wu · United States
1000
-16
DOM
4:17 Loom
11:23 Feudal Age
12:50 Double-Bit Axe
12:58 Horse Collar
16:45 Castle Age
15:03 Stone Mining
15:38 Gold Mining
16:12 Fletching
17:41 Bow Saw
19:55 Town Watch
25:13 Wheelbarrow
29:18 Imperial Age
27:50 Gold Shaft Mining
27:28 Scale Mail Armor
28:21 Stone Shaft Mining
28:28 Stone Shaft Mining
28:41 Bodkin Arrow
29:47 Hand Cart
30:30 Ballistics
31:13 Chemistry
31:54 Husbandry
31:20 Pikeman
32:27 Scale Barding Armor
32:33 Forging
32:49 Eupseong
33:05 Masonry
32:57 Bracer
35:33 Two-Man Saw
34:22 Gambesons
34:00 Halberdier
34:42 Squires
35:17 Murder Holes
37:30 Elite War Wagon
38:32 Conscription
38:32 Shinkichon
39:19 Elite Fire Lancer
41:58 Iron Casting
41:39 Chain Mail Armor
41:34 Elite Skirmisher
42:21 Thumb Ring
42:23 Heavy Plow
42:02 Heavy Rocket Cart
43:10 Chain Barding Armor
42:30 Crossbowman
43:12 Arbalester
44:40 Architecture
Khmer Kardashian
10:37 Feudal Age
8:59 Loom
10:45 Feudal Age
16:24 Castle Age
15:01 Double-Bit Axe
20:45 Horse Collar
25:06 Town Watch
26:37 Wheelbarrow
30:56 Imperial Age
29:58 Hand Cart
29:42 Stone Mining
29:42 Gold Mining
29:50 Gold Mining
30:54 Heavy Plow
31:54 Bow Saw
32:16 Conscription
32:23 Fletching
32:33 Padded Archer Armor
33:57 Two-Man Saw
33:07 Bodkin Arrow
35:05 Chemistry
35:22 Caravan
36:02 Ballistics
35:42 Murder Holes
36:52 Gold Shaft Mining
35:44 Elite Skirmisher
36:28 Squires
35:48 Pikeman
36:57 Town Patrol
37:47 Clinker Construction
37:52 Red Cliffs Tactics
38:23 Bracer
38:38 Leather Archer Armor
39:33 Masonry
39:48 Carvel Hull
40:34 Leather Archer Armor
40:29 Forging
40:37 Medium Warships
40:15 Elite Fire Archer
43:16 Iron Casting
42:41 Scale Mail Armor
43:53 Halberdier
45:38 Architecture
CrazyWolf
9:33 Loom
13:46 Feudal Age
14:11 Double-Bit Axe
14:08 Horse Collar
24:39 Castle Age
24:09 Town Watch
25:01 Wheelbarrow
26:21 Fishing Lines
26:45 Gold Mining
28:46 Heavy Plow
29:04 Fletching
30:17 Bow Saw
32:38 Bloodlines
32:29 Husbandry
34:54 Gold Shaft Mining
34:10 Stone Mining
34:32 Thumb Ring
35:52 Caravan
38:43 Imperial Age
37:14 Forging
37:10 Scale Barding Armor
37:05 Padded Archer Armor
40:01 Iron Casting
39:48 Chain Barding Armor
39:23 Bodkin Arrow
41:05 Conscription
41:12 Bodkin Arrow
42:54 Elite Mangudai
HotHardFatherDaddy
3:21 Loom
11:53 Feudal Age
12:50 Double-Bit Axe
13:00 Town Watch
19:14 Castle Age
20:34 Town Patrol
21:40 Bow Saw
28:11 Imperial Age
26:41 Medium Warships
26:24 Fletching
27:10 Gold Mining
29:02 Wheelbarrow
30:50 Two-Man Saw
34:24 Padded Archer Armor
36:12 Leather Archer Armor
38:06 Scale Barding Armor
haratass
11:08 Feudal Age
12:36 Loom
12:46 Double-Bit Axe
15:44 Castle Age
14:10 Horse Collar
16:40 Heavy Plow
16:54 Bow Saw
23:21 Gold Mining
23:40 Fletching
24:50 Wheelbarrow
26:06 Bodkin Arrow
26:11 Padded Archer Armor
28:08 Hand Cart
28:23 Masonry
32:42 Imperial Age
30:08 Town Watch
31:49 Ballistics
33:30 Bracer
33:30 Padded Archer Armor
33:08 Capped Ram
34:22 Husbandry
34:33 Bloodlines
36:10 Thumb Ring
36:31 Parthian Tactics
37:08 Chemistry
36:26 Leather Archer Armor
37:47 Caravan
37:50 Town Patrol
37:21 Elite Mangudai
39:38 Conscription
38:41 Light Cavalry
40:13 Hussar
41:06 Forging
41:02 Scale Barding Armor
42:59 Iron Casting
42:47 Siege Ram
42:53 Siege Ram
43:58 Drill
BYSNIZ Man Bruno
10:44 Feudal Age
14:59 Castle Age
13:26 Double-Bit Axe
13:55 Horse Collar
14:55 Loom
24:02 Wheelbarrow
24:20 Heavy Plow
25:10 Bow Saw
25:06 Gold Mining
25:07 Stone Mining
27:13 Hand Cart
28:03 Forging
27:53 Scale Mail Armor
28:54 Gold Shaft Mining
30:12 Ballistics
30:03 Fortified Wall
29:33 Treadmill Crane
32:46 Imperial Age
31:18 Iron Casting
30:58 Chain Mail Armor
30:33 Arson
30:48 Squires
32:17 Thumb Ring
32:05 Fletching
32:16 Padded Archer Armor
32:38 Guard Tower
32:58 Masonry
32:46 Murder Holes
32:49 Elite Samurai
33:51 Kataparuto
34:06 Parthian Tactics
33:03 Heavy Cavalry Archer
35:01 Chemistry
35:04 Blast Furnace
34:35 Plate Mail Armor
34:00 Bodkin Arrow
34:20 Leather Archer Armor
35:27 Two-Man Saw
34:16 Town Watch
34:55 Scale Barding Armor
35:36 Conscription
38:01 Bracer
41:57 Hoardings
Pangaea
3:43 Loom
10:34 Feudal Age
12:01 Double-Bit Axe
12:19 Horse Collar
17:34 Gold Mining
21:16 Castle Age
20:00 Stone Mining
24:33 Wheelbarrow
25:13 Bow Saw
27:08 Hand Cart
30:32 Imperial Age
30:06 Fletching
30:40 Caravan
30:53 Heavy Plow
33:23 Conscription
33:25 Husbandry
33:35 Bloodlines
35:47 Forging
35:43 Scale Barding Armor
36:15 Comitatenses
38:30 Elite Centurion
41:03 Iron Casting
40:49 Chain Barding Armor
40:45 Heavy Scorpion
41:50 Ballistics
42:30 Chemistry
41:37 Siege Engineers
45:19 Blast Furnace
44:54 Plate Barding Armor
philipbacklund92
0:28 Loom
5:38 Double-Bit Axe
11:14 Wheelbarrow
13:06 Feudal Age
12:13 Horse Collar
14:23 Bow Saw
14:38 Heavy Plow
18:20 Gold Mining
20:40 Castle Age
19:13 Scale Barding Armor
19:19 Forging
20:38 Gold Shaft Mining
20:53 Hand Cart
21:08 Cavalier
21:50 Husbandry
22:13 Chain Barding Armor
22:29 Iron Casting
28:31 Crop Rotation
29:52 Two-Man Saw
33:35 Imperial Age
32:44 Devotion
33:22 Ballistics
33:51 Town Watch
33:36 Paladin
34:56 Plate Barding Armor
35:22 Blast Furnace
35:30 Chemistry
34:52 Ballistics
37:28 Conscription
37:37 Burgundian Vineyards
37:47 Stone Mining
37:28 Light Cavalry
38:37 Hussar
Connection lost

Rejoining the realm…

Still unreachable

The connection could not be restored.

Session expired

The server has moved on; the page needs a fresh start.